 Dungeon Crawl Stone Soup version 0.31-a0-544-gceb718ecc6 (webtiles) character file.

Game seed: 15818783006160310802

484 randomguy2701 the Grave Robber (level 6, -1/32 HPs)
             Began as a Deep Elf Necromancer on Aug 15, 2023.
             Slain by a wraith (5 damage)
             ... in an ossuary.
             The game lasted 00:09:28 (4217 turns).

randomguy2701 the Grave Robber (DENe)               Turns: 4217, Time: 00:09:29

Health: -1/32      AC:  6    Str:  5    XL:     6   Next: 88%
Magic:  9/17       EV: 13    Int: 22    God:
Gold:   146        SH:  0    Dex: 15    Spells: 13/18 levels left

rFire   + . .        (no weapon)
rCold   + . .        (no shield)
rNeg    . . .        r - +2 robe {Will+}
rPois   .            p - +1 helmet
rElec   .            o - scarf {rC+ rF+}
rCorr   .            (no gloves)
SInv    .            (no boots)
Will    +....        (no amulet)
Stlth   ++           (no ring)
HPRegen 0.25/turn    (no ring)
MPRegen 0.15/turn

%: no passive effects
@: slowed, very slow
A: no striking features
a: no special abilities


You were in an ossuary.
You visited 1 branch of the dungeon, and saw 4 of its levels.
You also visited: Ossuary.

You collected 146 gold pieces.

Inventory:

Armour
 o - a scarf of resistance (worn)
 p - a +1 helmet (worn)
 r - a +2 robe of willpower (worn)
Scrolls
 a - a scroll of silence {unknown}
 e - 2 scrolls of identify
 f - a scroll of amnesia
 h - 2 scrolls of fog {unknown}
 k - a scroll of enchant weapon {unknown}
 l - a scroll of blinking {unknown}
 q - a scroll of immolation {unknown}
Potions
 c - 2 potions of mutation {unknown}
 d - a potion of heal wounds {unknown}
 g - a potion of cancellation {unknown}
 i - 2 potions of resistance
 j - a potion of curing
 m - a potion of might {unknown}
 n - 2 potions of invisibility {unknown}


   Skills:
 + Level 3.4 Dodging
 + Level 3.0 Stealth
 + Level 6.6 Spellcasting
 + Level 1.5 Conjurations
 + Level 6.7 Necromancy
 * Level 2.1 Air Magic


You had 13 spell levels left.
You knew the following spells:

 Your Spells              Type           Power      Damage    Failure   Level
a - Necrotise             Necr           100%       1d9       1%          1
b - Vampiric Draining     Necr           37%        2d8       1%          3
c - Shock                 Conj/Air       60%        1d6       4%          1

Your spell library contained the following spells:

 Spells                   Type           Power      Damage    Failure   Level
 Animate Dead             Necr           37%        N/A       5%          4
 Searing Ray              Conj           26%        2d5       7%          2
 Ensorcelled Hibernation  Hex/Ice        14%        N/A       13%         2
 Agony                    Necr           37%        N/A       14%         5
 Anguish                  Hex/Necr       11%        N/A       22%         4
 Arcjolt                  Conj/Air       7%         1d17      73%         5
 Dispersal                Tloc           3%         N/A       100%        6


Dungeon Overview and Level Annotations

Branches:
Dungeon (4/15)            Ossuary (1/1)
 Temple: D:4-7

Altars:
Kikubaaqudgha
Nemelex Xobeh
Qazlal
Trog
Vehumet


Message History

Casting: Shock (safe; 4% risk of failure)
Confirm with . or Enter, or press ? or * to list all spells.
Aiming: Shock (safe; 4% risk of failure)
Press: ? - help, Shift-Dir - straight line, f/p - wraith
Aim: a wraith (silenced, moderately damaged, 71% to hit)
The zap hits the wraith but does no damage.
The wraith is moderately damaged.
The wraith hits you.
Casting: Shock (safe; 4% risk of failure)
Confirm with . or Enter, or press ? or * to list all spells.
Aiming: Shock (safe; 4% risk of failure)
Press: ? - help, Shift-Dir - straight line, f/p - wraith
Aim: a wraith (silenced, moderately damaged, 71% to hit)
The zap hits the wraith.
The wraith is moderately damaged.
The wraith closely misses you. The wraith hits you!
The wraith drains your vigour!
You feel as though you will be slow longer.
Casting: Shock (safe; 4% risk of failure)
Confirm with . or Enter, or press ? or * to list all spells.
Aiming: Shock (safe; 4% risk of failure)
Press: ? - help, Shift-Dir - straight line, f/p - wraith
Aim: a wraith (silenced, moderately damaged, 71% to hit)
The zap misses the wraith.
The wraith hits you!
* * * LOW HITPOINT WARNING * * *
The wraith drains your vigour!
You feel as though you will be slow longer.
Casting: Shock (safe; 4% risk of failure)
Confirm with . or Enter, or press ? or * to list all spells.
Aiming: Shock (safe; 4% risk of failure)
Press: ? - help, Shift-Dir - straight line, f/p - wraith
Aim: a wraith (silenced, moderately damaged, 71% to hit)
The zap misses the wraith.
The wraith hits you.
* * * LOW HITPOINT WARNING * * *
The wraith closely misses you.
As you read the scroll labelled GOLUMAM AHICS, it crumbles to dust.
It is a scroll of amnesia.
Okay, then.
The wraith hits you.
You die...

.....'...........##
.....'......⌠.....#
.....'.....⌠#⌠....#
...#####....⌠.....#
.### ###........#
## ##.......# #
##......# #......#
##..W@.# ##....#
∩?$...'....####
!!?#########∩∩#
##.....'..#
#......'..# #
##......'..# ##
##.......#..# .###
###........####


You could see a wraith.

Vanquished Creatures
  2 water moccasin zombies (Ossuary)
  A bullfrog zombie (Ossuary)
  A hound (D:4)
  A centaur zombie (Ossuary)
  A human zombie (Ossuary)
  An orc priest (D:3)
  A sleepcap (D:4)
  An iguana (D:4)
  2 ogre zombies (Ossuary)
  3 adders
  2 adder zombies (Ossuary)
  2 dart slugs
  8 orcs
  2 endoplasms (D:1)
  2 giant cockroaches (D:2)
  4 goblins
  A hobgoblin (D:2)
  12 jackals (D:1)
  4 quokkas
  9 ball pythons
  5 bats
  4 frilled lizards
  3 gnoll zombies (Ossuary)
  3 goblin zombies (Ossuary)
  3 hobgoblin zombies (Ossuary)
  8 kobolds
  4 orc zombies (Ossuary)
  3 rats
93 creatures vanquished.

Vanquished Creatures (collateral kills)
  2 endoplasms (D:1)
  A goblin (D:1)
  A hobgoblin (D:2)
  A frilled lizard (D:1)
5 creatures vanquished.

Grand Total: 98 creatures vanquished

Notes
Turn   | Place    | Note
-------+----------+-------------------------------------------
     0 | D:1      | randomguy2701 the Deep Elf Necromancer began the quest for
                  | the Orb.
     0 | D:1      | Reached XP level 1. HP: 10/10 MP: 6/6
    75 | D:1      | Reached skill level 5 in Necromancy
   127 | D:1      | Reached XP level 2. HP: 10/15 MP: 0/8
   473 | D:1      | Reached XP level 3. HP: 12/19 MP: 1/10
   989 | D:2      | Found a faded altar of an unknown god.
  2003 | D:3      | Found a sparkling altar of Nemelex Xobeh.
  2049 | D:3      | Reached XP level 4. HP: 24/24 MP: 7/12
  2260 | D:2      | Learned a level 3 spell: Vampiric Draining
  2427 | D:3      | Got the Enchiridion on Distance and the Volley
  2442 | D:3      | Found a stormy altar of Qazlal.
  2443 | D:3      | Found a bloodstained altar of Trog.
  2443 | D:3      | Found a radiant altar of Vehumet.
  2444 | D:3      | Found an ancient bone altar of Kikubaaqudgha.
  2585 | D:4      | Learned a level 1 spell: Shock
  2633 | D:4      | Reached skill level 5 in Spellcasting
  2716 | D:4      | Reached XP level 5. HP: 28/28 MP: 6/14
  2995 | D:4      | Found a sand-covered staircase.
  3000 | Ossuary  | Entered an ossuary
  3178 | Ossuary  | Reached XP level 6. HP: 9/32 MP: 0/17
  3512 | Ossuary  | Reached skill level 1 in Air Magic
  3706 | Ossuary  | Reached skill level 1 in Conjurations
  4204 | Ossuary  | Noticed a wraith
  4217 | Ossuary  | Slain by a wraith

Illustrated notes

Levels and vault maps discovered:
D:1:      shiori_arrival_elements, layout_basic, minivault_19
D:2:      minmay_skewed_foursquare, layout_basic, basic_ecumenical_altar
D:3:      layout_basic, overflow_temple_1_default,
          chequers_temple_overflow_statue_of_worship
D:4:      layout_loops_ring, enter_ossuary_5, kennysheep_small_circle
Ossuary:  ossuary_hellmonk_silent_tomb

Skill      XL: |  1  2  3  4  5  6 |
---------------+-------------------+-----
Necromancy     | 5 6 |  6.7
Spellcasting   | 4 5 6 |  6.6
Air Magic      | 2 |  2.1
Conjurations   | 1 |  1.5
Dodging        | 3 |  3.4
Stealth        | 3 |  3.0

Action                     |  1- 3 |  4- 6 || total
---------------------------+-------+-------++-------
  Melee: Unarmed           |     1 |    34 ||    35
         Punch             |       |     1 ||     1
   Cast: Necrotise         |    80 |    43 ||   123
         Shock             |       |   165 ||   165
    Use: Scroll            |     1 |     1 ||     2
         Potion            |       |     2 ||     2
 Armour: Robe              |     2 |    44 ||    46
  Dodge: Dodged            |    17 |    87 ||   104

Table legend: (Time is in decaauts)
 A = Elapsed time spent in this place.
 B = Non-inter-level travel time spent in this place.
 C = Inter-level travel time spent in this place.
 D = Time resting spent in this place.
 E = Time spent auto-exploring this place.
 F = Levels seen in this place.
 G = Mean time per level.
                   A        B        C        D        E       F      G
               +--------+--------+--------+--------+--------+-----+--------+
         Total |   4219 |   4040 |    179 |    104 |   3216 |   5 |  843.8 |
       Dungeon |   3000 |   2821 |    179 |      0 |   2419 |   4 |  750.0 |
       Ossuary |   1218 |   1218 |      0 |    104 |    797 |   1 | 1218.0 |
               +--------+--------+--------+--------+--------+-----+--------+

Top non-repeatable levels by time:
 Ossuary: 1218 daAuts
     D:2: 1072 daAuts
     D:1: 982 daAuts
     D:3: 528 daAuts
     D:4: 417 daAuts
